AoeStats
← Est.in1974

Fortress

509721615Analyzed
4v4 RM · 4d ago on Sep 27, 2026· 46m 13s· 8 players
Game mode
Random Map
Map size
Huge
Population
200
Speed
Normal
Resources
Standard
Victory
Conquest
Starting age
Dark Age
Ending age
Imperial Age
RankedLock teamsTeams togetherTeam positionsShared explorationLock speedFull tech treeHidden civsTurbo modeCheats
Victory
Defeat
🇩🇪 Mongols · Germany
1167
+16
🇩🇪 Ethiopians · Germany
1153
+16
🇪🇸 Celts · Spain
1151
+17
🇪🇸 Varangians · Spain
1119
+18
🇩🇪 Hindustanis · Germany
1189
-19
🇨🇦 Britons · Canada
1157
-16
🇩🇪 Danes · Germany
1153
-16
🇩🇪 Khmer · Germany
1153
-16
Nicolass
7:48 Feudal Age
11:48 Castle Age
12:37 Forging
14:27 Scale Mail Armor
24:33 Double-Bit Axe
26:10 Gold Mining
29:21 Bow Saw
30:37 Chain Mail Armor
37:04 Imperial Age
36:31 Iron Casting
38:15 Elite Woad Raider
40:13 Capped Ram
Note1984
7:27 Feudal Age
8:29 Double-Bit Axe
8:26 Horse Collar
13:20 Castle Age
13:17 Forging
16:57 Iron Casting
16:36 Heavy Plow
18:14 Wheelbarrow
17:25 Loom
18:41 Fervor
18:43 Bow Saw
22:06 Hand Cart
21:37 Town Watch
22:08 Scale Barding Armor
22:21 Bloodlines
22:12 Husbandry
23:14 Gold Mining
23:14 Stone Mining
23:55 Town Patrol
25:00 Chain Barding Armor
24:31 Fletching
26:11 Treadmill Crane
26:43 Fortified Wall
29:49 Imperial Age
28:55 Bodkin Arrow
30:51 Ballistics
30:27 Elite Jarl
31:27 Conscription
32:33 Two-Man Saw
32:11 Crop Rotation
33:35 Siege Engineers
34:24 Plate Barding Armor
36:28 Blast Furnace
35:55 Arson
35:37 Vendel Legacy
37:21 Chemistry
tHeDesiRe
7:51 Feudal Age
11:31 Castle Age
9:33 Double-Bit Axe
9:41 Horse Collar
10:47 Padded Archer Armor
11:10 Fletching
11:21 Gold Mining
11:33 Crossbowman
16:24 Bodkin Arrow
20:48 Ballistics
24:05 Thumb Ring
26:17 Heavy Plow
27:04 Gold Shaft Mining
28:03 Leather Archer Armor
29:22 Wheelbarrow
28:32 Loom
33:31 Imperial Age
30:47 Town Watch
33:35 Arbalester
34:17 Bracer
34:47 Ring Archer Armor
35:20 Chemistry
33:45 Capped Ram
35:06 Conscription
35:58 Bow Saw
38:17 Hand Cart
38:03 Town Patrol
43:37 Caravan
46:47 Torsion Engines
cobanizer
7:24 Feudal Age
9:30 Double-Bit Axe
12:18 Castle Age
12:07 Wheelbarrow
11:53 Gold Mining
14:00 Fletching
14:11 Padded Archer Armor
20:17 Hand Cart
30:13 Imperial Age
27:29 Loom
27:30 Town Watch
28:41 Bodkin Arrow
29:03 Leather Archer Armor
30:47 Thumb Ring
30:21 Capped Ram
31:29 Drill
33:32 Siege Ram
34:43 Heavy Cavalry Archer
36:11 Parthian Tactics
36:19 Scale Barding Armor
36:36 Bracer
46:07 Onager
Tormentor
5:16 Loom
7:59 Feudal Age
11:14 Castle Age
9:18 Double-Bit Axe
9:19 Horse Collar
11:04 Wheelbarrow
12:37 Bow Saw
12:31 Heavy Plow
19:07 Fletching
20:21 Husbandry
20:32 Bloodlines
20:24 Stone Mining
21:19 Forging
23:02 Hand Cart
22:33 Town Watch
23:23 Bodkin Arrow
24:03 Iron Casting
23:34 Scale Barding Armor
24:08 Stone Shaft Mining
23:23 Gold Mining
25:24 Tusk Swords
25:30 Devotion
26:37 Gold Shaft Mining
27:25 Chain Barding Armor
30:07 Imperial Age
31:05 Double Crossbow
31:26 Conscription
31:59 Hoardings
31:13 Elite Battle Elephant
32:32 Plate Barding Armor
32:58 Blast Furnace
35:19 Chemistry
34:17 Murder Holes
34:32 Masonry
35:26 Heavy Scorpion
36:58 Light Cavalry
38:14 Ballistics
38:05 Fortified Wall
38:30 Bracer
Est.in1974
8:29 Feudal Age
8:59 Horse Collar
13:02 Castle Age
11:02 Double-Bit Axe
12:20 Loom
13:12 Wheelbarrow
15:39 Bow Saw
15:31 Heavy Plow
17:12 Scale Mail Armor
18:33 Forging
24:57 Imperial Age
26:42 Chemistry
26:21 Shatagni
29:09 Two-Man Saw
29:47 Grand Trunk Road
31:16 Ballistics
31:26 Fortified Wall
31:52 Hand Cart
35:48 Scale Barding Armor
35:58 Husbandry
36:50 Bloodlines
37:19 Heavy Camel Rider
DschingisKahl
8:08 Feudal Age
6:26 Loom
9:11 Horse Collar
12:04 Castle Age
10:01 Double-Bit Axe
Philippe6390
0:37 Loom
6:31 Feudal Age
7:06 Double-Bit Axe
7:03 Horse Collar
10:10 Wheelbarrow
15:24 Castle Age
14:12 Gold Mining
16:30 Hand Cart
16:27 Bow Saw
16:20 Heavy Plow
16:36 Fletching
18:29 Padded Archer Armor
23:45 Bodkin Arrow
25:07 Leather Archer Armor
27:31 Gold Shaft Mining
28:17 Forging
30:21 Scale Mail Armor
31:39 Pikeman
38:35 Elite Skirmisher
44:56 Imperial Age
45:06 Ballistics
45:22 Chain Mail Armor
44:30 Pikeman
45:51 Iron Casting
45:45 Cranequins
Connection lost

Rejoining the realm…

Still unreachable

The connection could not be restored.

Session expired

The server has moved on; the page needs a fresh start.